 Dungeon Crawl Stone Soup version 0.16.1-11-g651b585 (webtiles) character file.

299 Magnus the Grave Robber (level 6, -6/41 HPs)
             Began as a Mummy Necromancer on Apr 4, 2015.
             Was an Initiate of Vehumet.
             Mangled by billydstr's ghost (17 damage)
             ... on level 4 of the Dungeon.
             The game lasted 00:30:19 (5171 turns).

Magnus the Grave Robber (Mummy Necromancer)         Turns: 5171, Time: 00:30:19

Health: -6/41      AC:  3    Str: 11    XL:     6   Next: 13%
Magic:  12/13      EV: 13    Int: 16    God:    Vehumet [......]
Gold:   233        SH:  0    Dex: 12    Spells: 3 memorised, 3 levels left

rFire  x . .     SeeInvis .     h - +2 dagger (speed)
rCold  + . .     Clarity  .     a - +0 robe
rNeg   + + +     SustAb   +     (no shield)
rPois  ∞         Gourm    .     l - +0 helmet
rElec  .         Spirit   .     (no cloak)
rCorr  .         Warding  .     (no gloves)
rMut   .         Stasis   .     (no boots)
MR     .....                    (no amulet)
Stlth  ++........               (no ring)
                                i - ring of sustain abilities

@: not resistant to hostile enchantments, unstealthy
A: no food or potions, fire vulnerability, restore body, cold resistance 1,
negative energy resistance 3, poison resistance, torment resistance, unbreathing
a: Renounce Religion


You were on level 4 of the Dungeon.
You worshipped Vehumet.
Vehumet was noncommittal.
You were not hungry.

You visited 2 branches of the dungeon, and saw 5 of its levels.

You collected 233 gold pieces.

Inventory:

Hand weapons
 h - a +2 dagger of speed (weapon)
Armour
 a - a +0 robe (worn)
 j - a +0 helmet
 l - a +0 helmet (worn)
Jewellery
 i - a ring of sustain abilities (left hand)
Magical devices
 c - a wand of digging (18)
Scrolls
 d - 2 scrolls of teleportation {unknown}
 e - a scroll of magic mapping {unknown}
 f - 2 scrolls of remove curse {unknown}
 g - 2 scrolls of identify
 k - a scroll of fog {unknown}
 m - a scroll of immolation {unknown}
 n - a scroll of noise {unknown}
 o - a scroll of recharging {unknown}
Books
 b - a book of Necromancy

   Spells                             Type                      Level
   a - Pain                           Necromancy                   1
   b - Animate Skeleton               Necromancy                   1
   c - Vampiric Draining              Necromancy                   3
   d - Regeneration                   Charms/Necromancy            3
   e - Animate Dead                   Necromancy                   4
   f - Control Undead                 Necromancy                   4


   Skills:
 + Level 3.3 Dodging
 - Level 1.5 Stealth
 + Level 3.8 Spellcasting
 + Level 5.2 Necromancy


You had 3 spell levels left.
You knew the following spells:

 Your Spells              Type           Power        Failure   Level  Hunger
a - Pain                  Necr           ###.         1%          1    N/A
b - Animate Dead          Necr           N/A          21%         4    N/A
c - Control Undead        Necr           ###.......   21%         4    N/A

Dungeon Overview and Level Annotations

Branches:
Dungeon (4/15)             Temple (1/1) D:4

Altars:
Ashenzari
Cheibriados
Dithmenos
Elyvilon
Fedhas
Nemelex Xobeh
Okawaru
Qazlal
Ru
Trog
Vehumet
Xom
Yredelemnul
Zin
The Shining One

Annotations:
D:4 billydstr's ghost, average MiBe


Innate Abilities, Weirdness & Mutations

You do not eat or drink.
Your flesh is vulnerable to fire.
Your flesh is cold resistant.
You are immune to negative energy.
Your system is resistant to poisons.
You are immune to unholy pain and torment.
You can survive without breathing.


Message History

Your giant newt zombie misses billydstr's ghost.
Billydstr's ghost hits your giant newt zombie!
Your giant newt zombie is destroyed!
Casting: Pain
Confirm with . or Enter, or press ? or * to list all spells.
Billydstr's ghost submits to your will.
You start resting.
Billydstr's ghost is no longer charmed.
Your kobold zombie hits billydstr's ghost but does no damage.
Billydstr's ghost hits you!
* * * LOW HITPOINT WARNING * * *
Your kobold zombie closely misses billydstr's ghost.
Billydstr's ghost hits your hound zombie.
Your hound zombie is destroyed!
Your kobold zombie closely misses something.
Billydstr's ghost says, "Are you willing to die fighting?
I was!"
There is a stone staircase leading down here.
There is a stone staircase leading up here.
Billydstr's ghost hits you!
You die...

..........#......# #.#
######.##...#.#### #.#
#. ##.##.# #.# # #...Z#
#.# ###.Z# #.# #..## #.#
#...# #.# #.######>.#
#.# #.....@W..# #..
#########.# ### #.# #.#
##.## ####
##...####..######
#.###.##.####^#^#
########.# #...Z# #.^..
#.....Z..###.##.####_...


You could see billydstr's ghost.

Vanquished Creatures
  An iguana (D:4)
  A hound (D:4)
  A worker ant (D:4)
  6 adders
  A giant mite (D:3)
  2 worms (D:2)
  2 giant geckos
  An ooze (D:3)
  3 orcs (D:4)
  2 ball pythons
  8 bats
  6 hobgoblins
  6 jackals
  A giant cockroach (D:2)
  9 giant newts
  10 goblins
  A jackal skeleton (D:4)
  9 kobolds
  A quokka (D:2)
  4 rats
  A bush (D:4)
  A fungus (D:2)
77 creatures vanquished.

Vanquished Creatures (collateral kills)
  A phantom (D:4)
  2 hound skeletons (D:4)
  An orc (D:4)
  A spectral orc (D:4)
  A bush (D:4)
6 creatures vanquished.

Vanquished Creatures (others)
  A hound zombie (D:4)
  A worker ant zombie (D:4)
  2 adder zombies (D:4)
  An iguana zombie (D:4)
  2 giant newt zombies (D:4)
  A jackal zombie (D:4)
8 creatures vanquished.

Grand Total: 91 creatures vanquished

Notes
Turn   | Place    | Note
--------------------------------------------------------------
     0 | D:1      | Magnus, the Mummy Necromancer, began the quest for the Orb.
     0 | D:1      | Reached XP level 1. HP: 13/13 MP: 3/3
   261 | D:1      | Reached XP level 2. HP: 19/19 MP: 0/4
   931 | D:2      | Found a blossoming altar of Fedhas.
   968 | D:2      | Reached XP level 3. HP: 24/24 MP: 3/6
  2021 | D:3      | Found a shadowy altar of Dithmenos.
  2021 | D:3      | Found a white marble altar of Elyvilon.
  2053 | D:3      | Reached XP level 4. HP: 30/30 MP: 1/8
  2119 | D:3      | Learned a level 4 spell: Animate Dead
  2570 | D:4      | Noticed billydstr's ghost (average MiBe)
  2575 | D:4      | HP: 1/30 [billydstr's ghost (12)]
  3293 | D:4      | Noticed a phantom
  3396 | D:4      | Found a basalt altar of Yredelemnul.
  3699 | D:4      | Reached XP level 5. HP: 35/35 MP: 8/11
  4054 | D:4      | Reached skill level 5 in Necromancy
  4148 | D:4      | Learned a level 4 spell: Control Undead
  4148 | D:4      | Found a staircase to the Ecumenical Temple.
  4190 | D:4      | Killed a phantom
  4426 | Temple   | Entered the Ecumenical Temple
  4619 | Temple   | Became a worshipper of Vehumet
  4809 | D:4      | Reached XP level 6. HP: 32/41 MP: 8/13
  5171 | D:4      | Mangled by billydstr's ghost

Action                   |  1- 3 |  4- 6 || total
-------------------------+-------+-------++-------
Melee: Short sword       |     1 |       ||     1
       Dagger            |    18 |    72 ||    90
 Cast: Pain              |    93 |    67 ||   160
       Animate Dead      |       |    15 ||    15
       Control Undead    |       |     1 ||     1
  Use: Scroll            |     1 |       ||     1
